 Dungeon Crawl Stone Soup version 0.30-a0-55-g90e3122c3a (webtiles) character file.

Game seed: 6702689321772196017

3217 LnG the Cleaver (level 9, -2/79 HPs)
             Began as a Hill Orc Fighter on Sept 10, 2022.
             Was a Priest of Uskayaw.
             Slain by a vampire mosquito (8 damage)
             ... on level 12 of the Dungeon.
             The game lasted 00:24:09 (9537 turns).

LnG the Cleaver (Hill Orc Fighter)                  Turns: 9537, Time: 00:24:10

Health: -2/79      AC: 12    Str: 29    XL:     9   Next: 97%
Magic:  9/9        EV:  7    Int:  8    God:    Uskayaw [***...]
Gold:   420        SH: 14    Dex: 10    Spells: 8/8 levels left

rFire   . . .      SeeInvis .    a - +1 war axe (venom)
rCold   . . .      Faith    .    x - +1 tower shield
rNeg    . . .      Spirit   .    b - +0 scale mail
rPois   .          Reflect  .    q - +1 helmet
rElec   .          Harm     .    (no cloak)
rCorr   .          Rampage  .    r - +1 pair of gloves {Stlth+}
Will    .....                    (no boots)
Stlth   +.........               (no amulet)
HPRegen 0.23/turn                e - +6 ring of strength
MPRegen 0.11/turn                (no ring)

@: no status effects
A: no striking features
a: Renounce Religion, Stomp, Line Pass


You were on level 12 of the Dungeon.
You worshipped Uskayaw.
Uskayaw was noncommittal.
You visited 2 branches of the dungeon, and saw 11 of its levels.
You also visited: Ossuary.

You collected 518 gold pieces.
You spent 98 gold pieces at shops.

Inventory:

Hand Weapons
 a - a +1 war axe of venom (weapon)
Armour
 b - a +0 scale mail (worn)
 c - a +0 buckler
 q - a +1 helmet (worn)
 r - a +1 pair of gloves of stealth (worn)
 x - a +1 tower shield (worn)
Jewellery
 e - a +6 ring of strength (left hand)
 m - a ring of ice
 s - a ring of protection from cold
Wands
 l - a wand of mindburst (21)
 v - a wand of flame (3)
Scrolls
 f - 3 scrolls of teleportation
 h - 4 scrolls of fear
 i - a scroll of silence
 j - 2 scrolls of vulnerability
 k - 3 scrolls of immolation
 p - a scroll of fog
 w - 2 scrolls of poison {unknown}
 y - a scroll of noise {unknown}
 A - a scroll of magic mapping {unknown}
Potions
 d - 5 potions of might
 g - 6 potions of mutation
 o - 4 potions of curing
 t - 2 potions of magic {unknown}
 z - a potion of resistance {unknown}
 D - a potion of flight {unknown}
 E - a potion of ambrosia {unknown}


   Skills:
 + Level 7.4 Fighting
 + Level 11.1 Axes
 + Level 7.5 Armour
 + Level 3.0 Dodging
 + Level 2.1 Stealth
 + Level 6.6 Shields
 + Level 0.4 Evocations


You had 8 spell levels left.
You didn't know any spells.
Your spell library contained the following spells:

 Spells                   Type           Power      Damage    Failure   Level
 Ignite Poison            Fire/Tmut/Pois 0%         N/A       100%        3
 Mephitic Cloud           Conj/Pois/Air  0%         N/A       100%        3
 Anguish                  Hex/Necr       0%         N/A       100%        4
 Freezing Cloud           Conj/Ice/Air   0%         6-21      100%        5
 Summon Forest            Summ/Tloc      0%         N/A       100%        5
 Summon Mana Viper        Hex/Summ       0%         N/A       100%        5
 Summon Cactus Giant      Summ           0%         N/A       100%        6
 Enfeeble                 Hex            0%         N/A       100%        7


Dungeon Overview and Level Annotations

Branches:
Dungeon (12/15)            Temple (1/1) D:5         Ossuary (visited)
   Lair: D:8-11         Orc: D:9-12

Altars:
Ashenzari
Cheibriados
Dithmenos
Elyvilon
Fedhas
Gozag
Hepliaklqana
Makhleb
Okawaru
Qazlal
Ru
Sif Muna
Trog
Uskayaw
Vehumet
Wu Jian
Yredelemnul
Zin
The Shining One

Shops:
D:1 *   D:4 *   D:7 [


Message History

The vampire mosquito closely misses you.
The vampire mosquito barely misses you. x2; The vampire mosquito bites you!
* * * LOW HITPOINT WARNING * * *
The vampire mosquito draws strength from your injuries!
The vampire mosquito bites you but does no damage. x2
You feel much better.
You block the vampire mosquito's attack. x2
The vampire mosquito bites you but does no damage.
You block the vampire mosquito's attack.
The vampire mosquito bites you!
The vampire mosquito draws strength from your injuries!
The vampire mosquito bites you but does no damage.
The vampire mosquito bites you!
* * * LOW HITPOINT WARNING * * *
The vampire mosquito draws strength from your injuries!
The vampire mosquito bites you!
* * * LOW HITPOINT WARNING * * *
The vampire mosquito draws strength from your injuries!
You block the vampire mosquito's attack.
The vampire mosquito barely misses you.
You hit the vampire mosquito.
The vampire mosquito is heavily damaged.
You miss the vampire mosquito. You hit the vampire mosquito.
You barely miss the vampire mosquito. You hit the vampire mosquito.
The vampire mosquito bites you but does no damage.
You block the vampire mosquito's attack. x2
The vampire mosquito bites you but does no damage.
The vampire mosquito bites you.
* * * LOW HITPOINT WARNING * * *
The vampire mosquito draws strength from your injuries!
The vampire mosquito bites you but does no damage.
The vampire mosquito barely misses you.
The vampire mosquito closely misses you.
The vampire mosquito bites you but does no damage. x2
The vampire mosquito barely misses you.
Uskayaw will force your foes to helplessly watch your dance.
Uskayaw prepares the audience for your solo!
The vampire mosquito is no longer paralysed. x5
The vampire mosquito barely misses you. x2; The vampire mosquito bites you!
You die...

##. # .. ..
#.# ...#..#
.......
.......####
.......yy.#
......y@..#
.......yy.#
...........#
......#(#.##
.....####.#
..... ##
.!.. ....


You could see 5 vampire mosquitoes.

Vanquished Creatures
  Fannar (D:11)
  Joseph (D:7)
  Prince Ribbit (D:7)
  A wyvern (D:8)
  Edmund (D:4)
  An acid dragon (D:11)
  A water moccasin (D:8)
  A sky beast (D:7)
  A black bear (D:7)
  An elf zombie (Ossuary)
  A kobold brigand (D:7)
  A bullfrog (D:6)
  6 scorpions
  3 howler monkeys (D:11)
  3 electric eels
  A lava snake (D:7)
  3 hounds
  A jelly (D:5)
  A human zombie (Ossuary)
  An orc priest (D:5)
  4 iguanas
  An orc wizard (D:5)
  4 mummies
  12 gnolls
  2 adders
  An ufetubus (D:5)
  2 worms
  A dart slug (D:5)
  19 orcs
  7 ball pythons
  3 endoplasms
  A giant cockroach (D:3)
  4 goblins
  7 hobgoblins
  10 jackals
  13 kobolds
  5 quokkas
  4 bats
  3 frilled lizards
  A goblin zombie (Ossuary)
  7 hobgoblin zombies (Ossuary)
  3 kobold zombies (Ossuary)
  2 quokka zombies (Ossuary)
  2 rats
  3 rat zombies (Ossuary)
152 creatures vanquished.

Vanquished Creatures (others)
  25 plants
25 creatures vanquished.

Grand Total: 177 creatures vanquished

Notes
Turn   | Place    | Note
-------+----------+-------------------------------------------
     0 | D:1      | LnG the Hill Orc Fighter began the quest for the Orb.
     0 | D:1      | Reached XP level 1. HP: 19/19 MP: 1/1
   205 | D:1      | Reached XP level 2. HP: 27/27 MP: 2/2
   285 | D:1      | Found Xoddet's Assorted Antiques.
   659 | D:1      | Reached skill level 3 in Axes
   659 | D:1      | Reached XP level 3. HP: 12/33 MP: 3/3
  1211 | D:1      | Reached XP level 4. HP: 14/40 MP: 4/4
  1576 | D:2      | Identified the +2 leather armour of the Blessed Realm
                  | {Int+2}
  1857 | D:2      | Reached skill level 4 in Axes
  2080 | D:3      | Found a faded altar of an unknown god.
  2092 | D:3      | Reached XP level 5. HP: 34/47 MP: 5/5
  2203 | D:3      | Found an iron altar of Okawaru.
  3066 | D:3      | Found a white marble altar of Elyvilon.
  3253 | D:3      | Reached XP level 6. HP: 50/53 MP: 6/6
  3257 | D:3      | Reached skill level 5 in Axes
  3345 | D:3      | Reached skill level 5 in Armour
  3457 | D:3      | Found a blossoming altar of Fedhas.
  3577 | D:4      | Found Ipuli Wai's General Store.
  3588 | D:4      | Bought a scroll of identify for 28 gold pieces
  3588 | D:4      | Bought a potion of degeneration for 14 gold pieces
  3588 | D:4      | Bought a scroll of immolation for 56 gold pieces
  4415 | D:4      | Noticed Edmund
  4424 | D:4      | Killed Edmund
  4425 | D:4      | Reached skill level 1 in Dodging
  4609 | D:5      | Entered Level 5 of the Dungeon
  4674 | D:5      | Reached skill level 6 in Axes
  4674 | D:5      | Reached XP level 7. HP: 60/60 MP: 7/7
  4737 | D:5      | Reached skill level 5 in Fighting
  5072 | D:5      | Reached skill level 7 in Axes
  5122 | D:5      | Found a staircase to the Ecumenical Temple.
  5132 | Temple   | Entered the Ecumenical Temple
  5630 | D:6      | Reached XP level 8. HP: 52/69 MP: 8/8
  6894 | D:7      | Found Xuage's Antique Armour Shop.
  7069 | D:7      | Noticed a two-headed ogre
  7321 | D:7      | Reached skill level 5 in Shields
  7663 | D:7      | Found a hide-covered altar of Uskayaw.
  7671 | D:7      | Became a worshipper of Uskayaw the Reveller
  7713 | D:7      | Reached * piety under Uskayaw
  7730 | D:7      | Reached skill level 8 in Axes
  7921 | D:7      | Reached ** piety under Uskayaw
  8052 | D:7      | Found a shimmering blue altar of Sif Muna.
  8075 | D:7      | Reached *** piety under Uskayaw
  8181 | D:7      | Noticed Prince Ribbit
  8194 | D:7      | Killed Prince Ribbit
  8195 | D:7      | Reached skill level 1 in Stealth
  8421 | D:7      | Noticed Joseph
  8432 | D:7      | Killed Joseph
  8433 | D:7      | Reached skill level 9 in Axes
  8433 | D:7      | Reached XP level 9. HP: 78/78 MP: 9/9
  8738 | D:8      | Found a sand-covered staircase.
  8747 | Ossuary  | Entered an ossuary
  9005 | D:8      | You fall into a shaft and drop 3 floors!
  9031 | D:11     | Noticed Fannar
  9040 | D:11     | Killed Fannar
  9041 | D:11     | Reached skill level 10 in Axes
  9466 | D:11     | Reached skill level 11 in Axes
  9495 | D:11     | Noticed a death yak
  9537 | D:12     | Slain by a vampire mosquito

Illustrated notes

Levels and vault maps discovered:
D:1:      dpeg_arrival_leaves_temple_mockup, layout_basic, serial_shops, shop,
          minivault_19, grunt_decor_clamped, serial_bayou_ford_a,
          chequers_serial_rivers_marsh, minmay_misc_feat_iff
D:2:      layout_basic, nrook_mini_backslash
D:3:      kb_forest_paths, layout_basic, nicolae_elyvilon_temple_path,
          fedhas_altar_4, lemuel_crystal_altar,
          hellmonk_ecumenical_altar_lost_god
D:4:      layout_basic, serial_shops, nicolae_lakefront_shop, st_stairs_12,
          uniq_edmund
D:5:      layout_rooms, minmay_temple_entry_glassed_door
D:6:      layout_basic, serial_bayou, serial_bayou_pond_c,
          serial_bayou_lagoon_a, serial_bayou_pond_e, serial_bayou_pond_e
D:7:      layout_loops_corners, mainiacjoe_overflow_surrounded_room,
          nicolae_uskayaw_suspiria, serial_shops, nicolae_lakefront_shop,
          uniq_prince_ribbit1, uniq_joseph, uniq_crazy_yiuf_cottage
D:8:      layout_loops_ring, mainiacjoe_overflow_cross_hatched, serial_shops,
          kennysheep_little_box, gup_ossuary_entry_pyramid
D:11:     layout_basic, dpeg_lair_monsters, minmay_quadrilaterals, uniq_fannar,
          uniq_gastronok
D:12:     minmay_spotlight, layout_cave_pools, orc_david_3
Temple:   eino_narrow_crystal_temple

Skill      XL: |  1  2  3  4  5  6  7  8  9 |
---------------+----------------------------+-----
Axes           | 3 4 6 7 9 11 | 11.1
Fighting       | 4 5 6 7 |  7.4
Armour         | 4 5 7 |  7.5
Shields        | 4 6 |  6.6
Dodging        | 1 2 3 |  3.0
Stealth        | 1 2 |  2.1
Evocations     | |  0.4

Action                   |  1- 3 |  4- 6 |  7- 9 || total
-------------------------+-------+-------+-------++-------
Melee: War axe           |    92 |   154 |   260 ||   506
Evoke: Wand              |       |       |     8 ||     8
  Use: Scroll            |       |     8 |     9 ||    17
       Potion            |       |     1 |     2 ||     3
 Stab: Paralysed         |       |       |     6 ||     6
       Sleeping          |       |       |     1 ||     1
Armor: Scale mail        |    42 |    65 |   134 ||   241
Dodge: Dodged            |    53 |    67 |    74 ||   194
Block: Buckler           |    21 |    31 |       ||    52
       Tower shield      |       |       |   233 ||   233

Table legend: (Time is in decaauts)
 A = Elapsed time spent in this place.
 B = Non-inter-level travel time spent in this place.
 C = Inter-level travel time spent in this place.
 D = Time resting spent in this place.
 E = Time spent auto-exploring this place.
 F = Levels seen in this place.
 G = Mean time per level.
                   A        B        C        D        E       F      G
               +--------+--------+--------+--------+--------+-----+--------+
         Total |   9789 |   9319 |    470 |   2524 |   3873 |  12 |  815.8 |
       Dungeon |   9346 |   8889 |    457 |   2443 |   3706 |  10 |  934.6 |
        Temple |    187 |    174 |     13 |      0 |    167 |   1 |  187.0 |
       Ossuary |    255 |    255 |      0 |     81 |      0 |   1 |  255.0 |
               +--------+--------+--------+--------+--------+-----+--------+

Top non-repeatable levels by time:
     D:6: 1706 daAuts
     D:7: 1542 daAuts
     D:3: 1387 daAuts
     D:1: 1200 daAuts
     D:4: 1089 daAuts
     D:2: 1020 daAuts
     D:5: 763 daAuts
    D:11: 529 daAuts
 Ossuary: 255 daAuts
  Temple: 187 daAuts
     D:8: 98 daAuts
    D:12: 9 daAuts
